 Dungeon Crawl Stone Soup version 0.17.0-24-gcfadda4 (console) character file.

30 jw the Cutter (level 3, 26/26 HPs)
             Began as an Octopode Berserker on Nov 16, 2015.
             Was a Believer of Trog.
             Quit the game on level 1 of the Dungeon.
             The game lasted 00:08:48 (1284 turns).

jw the Cutter (Octopode Berserker)                  Turns: 1284, Time: 00:08:48

Health: 26/26      AC:  1    Str: 16    XL:     3   Next: 20%
Magic:  3/3        EV: 13    Int:  9    God:    Trog [**....]
Gold:   45         SH:  0    Dex: 12    Spells: 0 memorised, 2 levels left

rFire  . . .     SeeInvis .     a - +0 short sword
rCold  . . .     Clarity  .     (no shield)
rNeg   . . .     SustAt   .     (helmet restricted)
rPois  .         Gourm    .     (no amulet)
rElec  .         Spirit   .     (no ring)
rCorr  .         Warding  .     (no ring)
rMut   .         Stasis   .     (no ring)
MR     .....                    (no ring)
Stlth  +++.......               (no ring)
                                (no ring)
                                (no ring)
                                (no ring)

@: not resistant to hostile enchantments, fairly stealthy
A: almost no armour, amphibious, 8 rings, constrict 8, camouflage 1, gelatinous
body 1
a: Berserk, Trog's Hand, Burn Spellbooks, Renounce Religion


You were on level 1 of the Dungeon.
You worshipped Trog.
Trog was pleased with you.
You were not hungry.

You visited 1 branch of the dungeon, and saw 1 of its levels.

You collected 45 gold pieces.

Inventory:

Hand Weapons
 a - a +0 short sword (weapon)
Missiles
 d - 19 poisoned needles
 e - 40 stones (quivered)
Scrolls
 c - a scroll of fear {unknown}
 g - a scroll of identify {unknown}
Potions
 f - a potion of brilliance {unknown}
Comestibles
 b - a bread ration


   Skills:
 + Level 3.0 Fighting
 * Level 3.4 Short Blades
 + Level 1.0 Throwing
 + Level 3.1 Dodging
 * Level 2.2 Stealth


You had 2 spell levels left.
You didn't know any spells.

Dungeon Overview and Level Annotations

Branches:
Dungeon (1/15)

Altars:

Annotations:
D:1 1 runed door


Innate Abilities, Weirdness & Mutations

You cannot wear most types of armour.
You are amphibious.
You can wear up to eight rings at the same time.
You can use your tentacles to constrict eight enemies at once.
Your skin changes colour to match your surroundings (Stealth).
Your rubbery body absorbs attacks (AC +1).


Message History

Quiver which item? (- for none, * to show all) (? for menu, Esc to quit)
Reset throwing quiver to default.
Quiver which item? (- for none, * to show all) (? for menu, Esc to quit)
Reset throwing quiver to default.
Quiver which item? (- for none, * to show all) (? for menu, Esc to quit)
Reset throwing quiver to default.
Quiver which item? (- for none, * to show all) (? for menu, Esc to quit)
Reset throwing quiver to default.
Quiver which item? (- for none, * to show all) (? for menu, Esc to quit)
Reset throwing quiver to default.
Quiver which item? (- for none, * to show all) (? for menu, Esc to quit)
Reset throwing quiver to default.
Quiver which item? (- for none, * to show all) (? for menu, Esc to quit)
Reset throwing quiver to default.
Quiver which item? (- for none, * to show all) (? for menu, Esc to quit)
Reset throwing quiver to default.
Quiver which item? (- for none, * to show all) (? for menu, Esc to quit)
Reset throwing quiver to default.
Infinite lua loop detected, aborting.
Are you sure you want to abandon this character and quit the game? (Confirm with "yes".)

#.############.# #.# #.#
###.#######.#
#.##########...........#
#..................###.#
#..###'#######'###.# #.#
#..#..}...>...}..#.# #.#
#..#......<......#.###.#
#..'}....###....}+.....#
#..#......x......#..##.#
#..#######+#######.#...#
#..# .Jr.w.. #..####
#..# h.JJ.hh.... #..#
#..#......sh.Js..#..#
#..###############..#
##..................#
########.######..#.# #.#
#.....#.#


You could see a worm, 4 oozes, 3 jackals, a giant cockroach (wandering) and a
rat.

Table legend:
 A = Turns spent in this place as a percentage of turns spent in the entire game.
 B = Non-inter-level travel turns spent in this place as a percentage of non-inter-level travel turns spent in the entire game.
 C = Inter-level travel turns spent in this place as a percentage of turns spent in this place.
 D = Turns resting spent in this place as a percentage of non-inter-level travel turns spent in this place.
 E = Turns spent auto-exploring this place as a percentage of non-inter-level travel turns spent in this place.
 F = Non-inter-level travel turns spent in this place divided by the number of levels of this place that you've seen.
                   A       B       C       D       E      F
               +-------+-------+-------+-------+-------+----------------------
         Total | 100.0 | 100.0 |   0.0 |   0.4 |   6.9 | 5370.0
       Dungeon | 100.0 | 100.0 |   0.0 |   0.4 |   6.9 | 5370.0
               +-------+-------+-------+-------+-------+----------------------

Table legend:
 A = Kills in this place as a percentage of kills in entire the game.
 B = Kills by you in this place as a percentage of kills by you in the entire game.
 C = Kills by friends in this place as a percentage of kills by friends in the entire game.
 D = Other kills in this place as a percentage of other kills in the entire game.
 E = Experience gained in this place as a percentage of experience gained in the entire game.
 F = Experience gained in this place divided by the number of levels of this place that you have seen.
                   A       B       C       D       E      F
               +-------+-------+-------+-------+-------+----------------------
         Total | 100.0 | 100.0 |  -nan |  -nan | 100.0 |  44.0
       Dungeon | 100.0 | 100.0 |  -nan |  -nan | 100.0 |  44.0
               +-------+-------+-------+-------+-------+----------------------

Vanquished Creatures
  An ooze (D:1)
  A giant gecko (D:1)
  3 bats (D:1)
  4 hobgoblins (D:1)
  3 jackals (D:1)
  2 giant newts (D:1)
  2 goblins (D:1)
  3 kobolds (D:1)
  7 rats (D:1)
26 creatures vanquished.

Notes
Turn   | Place    | Note
--------------------------------------------------------------
     0 | D:1      | jw the Octopode Berserker began the quest for the Orb.
     0 | D:1      | Reached XP level 1. HP: 16/16 MP: 1/1
     1 | D:1      | Found a runed door.
   295 | D:1      | Reached XP level 2. HP: 21/21 MP: 2/2
   311 | D:1      | Reached skill level 1 in Throwing
   334 | D:1      | Reached skill level 1 in Stealth
   614 | D:1      | Reached XP level 3. HP: 12/26 MP: 3/3
   615 | D:1      | Reached ** piety under Trog
  1284 | D:1      | Quit the game

Action                   || total
-------------------------++-------
Melee: Short sword       ||    52
Throw: Stone             ||    11
 Stab: Sleeping          ||     4
  Eat: Chunk             ||     1

Vault maps used:
D:1:      dpeg_arrival_caged_fury
